 Dungeon Crawl Stone Soup version 0.30-a0-122-g2a1322497e (webtiles) character file.

Game seed: 1062125387895691435

1381 Jerej03 the Gusty (level 8, -3/58 HPs)
             Began as a Yellow Draconian Air Elementalist on Sept 15, 2022.
             Was a Believer of Qazlal.
             Slain by a sky beast (5 damage)
             ... on level 6 of the Dungeon on Sept 16, 2022.
             The game lasted 00:47:23 (7224 turns).

Jerej03 the Gusty (DrAE)                            Turns: 7224, Time: 00:47:25

Health: -3/58      AC:  7    Str: 12    XL:     8   Next: 39%
Magic:  6/15       EV: 13    Int: 15    God:    Qazlal [**....]
Gold:   305        SH:  0    Dex: 19    Spells: 10/17 levels left

rFire   . . .      SeeInvis .    v - +4 hand axe (distort)
rCold   . . .      Faith    .    (no shield)
rNeg    . . .      Spirit   .    (body armour unavailable)
rPois   .          Reflect  .    (helmet restricted)
rElec   .          Harm     .    l - +0 cloak
rCorr   +          Rampage  .    (no gloves)
Will    .....                    (no boots)
Stlth   +.........               y - amulet of magic regeneration
HPRegen 0.19/turn                u - +6 ring of dexterity
MPRegen 0.54/turn                (no ring)

@: confused
A: spit acid, AC +6, unfitting armour, cold-blooded, acid resistance
a: Breathe Acid, Renounce Religion, Upheaval


You were on level 6 of the Dungeon.
You worshipped Qazlal.
Qazlal was pleased with you.
You visited 2 branches of the dungeon, and saw 7 of its levels.

You collected 305 gold pieces.

Inventory:

Hand Weapons
 b - a +0 short sword
 k - a +2 quarterstaff of chaos
 o - the +9 sling of Terra Cotta {freeze, Dex+4}
   (You took it off an orc on level 3 of the Dungeon)

   Any ammunition fired from it freezes those it strikes, dealing additional
   cold damage.
   It can also slow down cold-blooded creatures.
   Dex:       It affects your dexterity (+4).
 v - a +4 hand axe of distortion (weapon)
Missiles
 t - 7 stones
 w - 2 throwing nets
Armour
 l - a +0 cloak (worn)
Jewellery
 h - a ring of fire
 u - a +6 ring of dexterity (left hand)
 y - an amulet of magic regeneration (around neck)
Wands
 q - a wand of charming (7)
 s - a wand of flame (18)
Scrolls
 c - 5 scrolls of teleportation
 d - a scroll of identify
 e - a scroll of fear {unknown}
 f - 2 scrolls of fog
 g - 3 scrolls of amnesia
 m - a scroll of noise {unknown}
 n - a scroll of vulnerability {unknown}
 p - a scroll of magic mapping {unknown}
 A - a scroll of acquirement {unknown}
Potions
 a - 3 potions of magic
 i - 2 potions of lignification
 j - 3 potions of degeneration
 r - a potion of brilliance
 x - a potion of flight {unknown}
 z - a potion of curing {unknown}


   Skills:
 + Level 0.5 Fighting
 + Level 1.2 Short Blades
 + Level 0.2 Axes
 * Level 1.8 Staves
 + Level 2.3 Dodging
 + Level 2.4 Stealth
 + Level 5.0 Spellcasting
 + Level 4.4 Conjurations
 * Level 7.4 Air Magic


You had 10 spell levels left.
You knew the following spells:

 Your Spells              Type           Power      Damage    Failure   Level
a - Shock                 Conj/Air       84%        1d8       1%          1
b - Static Discharge      Conj/Air       42%        3-6/arc   2%          2
c - Airstrike             Air            13%        2d(2-18)  8%          4

Your spell library contained the following spells:

 Spells                   Type           Power      Damage    Failure   Level
 Swiftness                Air            26%        N/A       2%          3
 Poisonous Vapours        Pois/Air       28%        N/A       5%          2
 Cigotuvi's Dreadful Rot  Necr/Pois/Air  22%        N/A       9%          2
 Dispersal                Tloc           1%         N/A       100%        6
 Disjunction              Tloc           1%         N/A       100%        8


Dungeon Overview and Level Annotations

Branches:
Dungeon (6/15)             Temple (1/1) D:5

Altars:
Ashenzari
Cheibriados
Dithmenos
Elyvilon
Fedhas
Gozag
Kikubaaqudgha
Makhleb
Nemelex Xobeh
Okawaru
Qazlal
Ru
Trog
Vehumet
Wu Jian
Xom
Yredelemnul
Zin
The Shining One

Shops:
D:1 [


Innate Abilities, Weirdness & Mutations

You can spit globs of acid.
Your golden yellow scales are hard. (AC +6)
You cannot fit into any form of body armour.
You are cold-blooded and may be slowed by cold attacks.
You are resistant to acid. (rCorr)


Message History

The orc priest invokes the aid of Beogh against you.
Beogh smites you!
An orc wizard comes into view. It is wielding a +0 dagger.
Casting: Airstrike (dangerous; 9% risk of failure)
Confirm with . or Enter, or press ? or * to list all spells.
Aiming: Shock (safe; 1% risk of failure)
Press: ? - help, Shift-Dir - straight line, f/p - orc priest
Aim: an orc priest, wielding a +0 flail and wearing a +0 ring mail (almost dead, 77% to hit)
The zap hits the orc priest.
You kill the orc priest!
Qazlal accepts your kill. The orc wizard casts a spell at you.
You are confused.
The orc priest calls down the wrath of Beogh upon you.
Beogh smites you!
Unknown command.
You're too confused to move!
A sky beast comes into view.
The orc priest calls down the wrath of Beogh upon you.
Pain shoots through your body!
An orc comes into view. It is wielding a +0 mace.
You're too confused to move!
The orc wizard casts a spell at you.
You are more confused.
The orc wizard gestures at you while chanting.
You resist with some effort.
The orc priest invokes the aid of Beogh against you.
You struggle to resist.
The sky beast flickers out of sight!
Deactivating autopickup; reactivate with Ctrl-A.
You bump into the rock wall.
The orc wizard gestures at you while chanting.
The puff of flame misses you.
Found an orange potion.
The orc priest mumbles some strange prayers to Beogh against you.
Beogh smites you!
* * * LOW HITPOINT WARNING * * *
Something hits you.
* * * LOW HITPOINT WARNING * * *
Something shocks you.
You die...

#.# #.#
#######'##
#........#
#........#
#......§.#
#........#
#......oo.####
#..))..o°@...#
#!..####.###.#
##.# #.# # #.
#.# . ... #.
.. #!


You could see an orc priest, an orc wizard and an orc.

Vanquished Creatures
  An orc warrior (D:6)
  A sky beast (D:6)
  An ogre (D:5)
  A bullfrog (D:6)
  2 necrophages (D:6)
  A scorpion (D:4)
  5 hounds
  2 orc priests
  A gnoll bouda (D:5)
  2 jellies (D:6)
  Crazy Yiuf (D:2)
  Natasha (twice) (D:3)
  2 iguanas
  3 orc wizards
  Terence (D:2)
  8 gnolls (D:5)
  11 adders
  A shadow imp (D:6)
  2 white imps
  2 ufetubi
  8 dart slugs
  A worm (D:2)
  10 orcs
  11 endoplasms
  3 giant cockroaches (D:3)
  7 goblins
  7 hobgoblins
  10 jackals
  5 quokkas
  7 ball pythons
  8 bats
  5 frilled lizards
  6 kobolds
  15 rats
153 creatures vanquished.

Notes
Turn   | Place    | Note
-------+----------+-------------------------------------------
     0 | D:1      | Jerej03 the Draconian Air Elementalist began the quest for
                  | the Orb.
     0 | D:1      | Reached XP level 1. HP: 14/14 MP: 3/3
   222 | D:1      | Reached XP level 2. HP: 20/20 MP: 1/5
   672 | D:1      | Reached XP level 3. HP: 26/26 MP: 4/6
   845 | D:1      | Learned a level 2 spell: Static Discharge
  1066 | D:1      | Found Gighuir's Antique Armour Emporium.
  1570 | D:2      | Found a runed translucent door.
  1571 | D:2      | Noticed Crazy Yiuf
  1578 | D:2      | Killed Crazy Yiuf
  1579 | D:2      | Reached XP level 4. HP: 16/33 MP: 1/8
  1914 | D:2      | Noticed Terence
  1923 | D:2      | Killed Terence
  1924 | D:2      | Reached skill level 4 in Air Magic
  2171 | D:2      | Learned a level 4 spell: Airstrike
  2316 | D:2      | Found a faded altar of an unknown god.
  2322 | D:2      | Reached skill level 1 in Short Blades
  2605 | D:3      | Reached XP level 5. HP: 39/39 MP: 5/9
  2783 | D:3      | Noticed Natasha
  2800 | D:3      | Found a bloodstained altar of Trog.
  2909 | D:3      | Found a stormy altar of Qazlal.
  2914 | D:3      | Became a worshipper of Qazlal Stormbringer
  3001 | D:3      | Killed Natasha
  3013 | D:3      | Noticed Natasha
  3028 | D:3      | Killed Natasha
  3129 | D:3      | Identified the +9 sling of Terra Cotta {freeze, Dex+4}
  4040 | D:4      | Reached * piety under Qazlal
  4148 | D:4      | Reached skill level 5 in Air Magic
  4148 | D:4      | Reached XP level 6. HP: 46/46 MP: 2/11
  4970 | D:5      | Entered Level 5 of the Dungeon
  5165 | D:5      | Found a staircase to the Ecumenical Temple.
  5174 | Temple   | Entered the Ecumenical Temple
  5334 | D:5      | Your scales start taking on a golden yellow colour.
  5334 | D:5      | Reached XP level 7. HP: 51/51 MP: 8/12
  5334 | D:5      | Gained mutation: You are resistant to acid. (rCorr) [Yellow
                  | Draconian growth]
  5749 | D:5      | Reached skill level 6 in Air Magic
  6047 | D:5      | Found a glowing golden altar of the Shining One.
  6053 | D:5      | Found a white marble altar of Elyvilon.
  6054 | D:5      | Found a glowing silver altar of Zin.
  6551 | D:6      | Reached XP level 8. HP: 27/58 MP: 6/15
  6735 | D:6      | Reached skill level 7 in Air Magic
  6920 | D:6      | Reached skill level 1 in Staves
  6928 | D:6      | Reached ** piety under Qazlal
  7085 | D:6      | Reached skill level 5 in Spellcasting
  7224 | D:6      | HP: 2/58 [something (2)]
  7224 | D:6      | Slain by a sky beast

Illustrated notes

Levels and vault maps discovered:
D:1:      dpeg_arrival_castle, layout_rooms, serial_shops, nicolae_shop_crystal,
          corexii_item_surrounded_by_moat, st_stairs_11, minmay_rat_gold_closets
D:2:      layout_basic, hellmonk_ecumenical_altar_dog_temple, uniq_terence,
          uniq_crazy_yiuf_cottage
D:3:      layout_basic, mainiacjoe_overflow_24_doors,
          nicolae_overflow_crystal_walls, uniq_natasha
D:4:      layout_cave_pools, hangedman_decor_opposing
D:5:      layout_basic, dreamdust_divine_triumvirate,
          minmay_temple_entry_glassed_door
D:6:      layout_basic
Temple:   nicolae_temple_ecumenical_triangle

Skill      XL: |  1  2  3  4  5  6  7  8 |
---------------+-------------------------+-----
Dodging        | 2 |  2.3
Stealth        | 2 |  2.4
Spellcasting   | 3 4 5 |  5.0
Air Magic      | 4 5 6 7 |  7.4
Conjurations   | 2 3 4 |  4.4
Short Blades   | 1 |  1.2
Staves         | 1 |  1.8
Fighting       | |  0.5
Axes           | |  0.2

Action                   |  1- 3 |  4- 6 |  7- 9 || total
-------------------------+-------+-------+-------++-------
Melee: Short sword       |    29 |    42 |       ||    71
       Unarmed           |     3 |       |     1 ||     4
       Tailslap          |     4 |     4 |     1 ||     9
       Hand axe          |       |       |     6 ||     6
       Quarterstaff      |       |       |     1 ||     1
 Cast: Shock             |    70 |   139 |    65 ||   274
       Static Discharge  |     6 |    26 |    29 ||    61
       Airstrike         |       |       |     9 ||     9
  Use: Scroll            |       |     1 |     5 ||     6
       Potion            |       |       |     2 ||     2
Armor: Skin              |     8 |    23 |     9 ||    40
Dodge: Dodged            |     9 |    28 |    30 ||    67
Block: Other             |       |       |     3 ||     3

Table legend: (Time is in decaauts)
 A = Elapsed time spent in this place.
 B = Non-inter-level travel time spent in this place.
 C = Inter-level travel time spent in this place.
 D = Time resting spent in this place.
 E = Time spent auto-exploring this place.
 F = Levels seen in this place.
 G = Mean time per level.
                   A        B        C        D        E       F      G
               +--------+--------+--------+--------+--------+-----+--------+
         Total |   7242 |   7077 |    165 |    145 |   5844 |   7 | 1034.6 |
       Dungeon |   7185 |   7020 |    165 |    145 |   5821 |   6 | 1197.5 |
        Temple |     56 |     56 |      0 |      0 |     23 |   1 |   56.0 |
               +--------+--------+--------+--------+--------+-----+--------+

Top non-repeatable levels by time:
     D:2: 1430 daAuts
     D:5: 1345 daAuts
     D:3: 1294 daAuts
     D:1: 1177 daAuts
     D:4: 1088 daAuts
     D:6: 849 daAuts
  Temple: 56 daAuts
